 Dungeon Crawl Stone Soup version 0.31-a0-1-g4198be8af4 (webtiles) character file.

Game seed: 17510388583832756148

917 Juicyj the Trooper (level 7, -5/70 HPs)
             Began as a Minotaur Fighter on May 2, 2023.
             Slain by a two-headed ogre
             ... wielding a +0 giant spiked club
              (22 damage)
             ... on level 6 of the Dungeon.
             The game lasted 00:07:20 (3424 turns).

Juicyj the Trooper (Minotaur Fighter)               Turns: 3424, Time: 00:07:21

Health: -5/70      AC: 17    Str: 22    XL:     7   Next: 83%
Magic:  6/6        EV:  6    Int:  5    God:
Gold:   62         SH:  9    Dex: 10    Spells: 6/6 levels left

rFire   . . .        a - +1 war axe (venom)
rCold   . . .        c - +0 buckler
rNeg    . . .        f - +0 plate armour
rPois   +            (helmet restricted)
rElec   .            (no cloak)
rCorr   .            l - +2 pair of gloves
SInv    .            m - +0 pair of boots {Stlth+}
Will    .....        p - amulet of regeneration Stlth
                     (no ring)
HPRegen 1.11/turn    (no ring)
MPRegen 0.10/turn

%: no passive effects
@: studying Fire Magic
A: horns 2, retaliatory headbutt, large bone plates 1, poison resistance, robust
1
a: no special abilities


You were on level 6 of the Dungeon.
You visited 1 branch of the dungeon, and saw 6 of its levels.

You collected 195 gold pieces.
You spent 133 gold pieces at shops.

Inventory:

Hand Weapons
 a - a +1 war axe of venom (weapon)
Missiles
 k - 8 poisoned darts (quivered)
 n - a throwing net
Armour
 b - a +0 scale mail
 c - a +0 buckler (worn)
 f - a +0 plate armour (worn)
 l - a +2 pair of gloves (worn)
 m - a +0 pair of boots of stealth (worn)
Jewellery
 e - an amulet of the acrobat
 p - an amulet of regeneration (around neck)
 r - a ring of ice
Wands
 v - a wand of flame (13)
Scrolls
 i - a scroll of silence
 j - a scroll of fog
 t - a scroll of magic mapping {unknown}
 u - a scroll of fear
Potions
 d - 3 potions of might
 g - 2 potions of curing
 h - 2 potions of heal wounds
 o - a potion of flight
 q - a potion of berserk rage {unknown}
 s - 2 potions of lignification


   Skills:
 + Level 6.3 Fighting
 + Level 5.5 Axes
 + Level 2.4 Throwing
 + Level 6.2 Armour
 + Level 6.2 Shields


You had 6 spell levels left.
You didn't know any spells.
Your spell library contained the following spells:

 Spells                   Type           Power      Damage    Failure   Level
 Magic Dart               Conj           0%         1d3       100%        1
 Searing Ray              Conj           0%         2d4       100%        2
 Animate Armour           Summ/Erth      0%         N/A       100%        4
 Fulminant Prism          Conj/Hex       0%         3d5       100%        4
 Blade Hands              Tmut           0%         N/A       100%        5
 Iron Shot                Conj/Erth      0%         9d1       100%        6


Dungeon Overview and Level Annotations

Branches:
Dungeon (6/15)
 Temple: D:4-7

Altars:
Nemelex Xobeh
Trog

Shops:
D:3 ?   D:4 ?

Annotations:
D:4 3 runed translucent doors, 123456's ghost, novice DsVM


Innate Abilities, Weirdness & Mutations

You have a pair of horns on your head.
You reflexively headbutt those who attack you in melee.
You are partially covered in large bone plates. (SH +4)
Your system is resistant to poisons. (rPois)
You are robust. (+10% HP)


Message History

You see here 21 gold pieces.
A two-headed ogre is nearby!
A two-headed ogre is nearby!
The two-headed ogre hits you with a +0 giant spiked club!
The two-headed ogre hits you with a +0 dire flail.
You barely miss the two-headed ogre.
A vampire mosquito comes into view.
You slash the two-headed ogre!
The two-headed ogre is poisoned.
You headbutt the two-headed ogre!
The two-headed ogre is moderately wounded.
The two-headed ogre barely misses you.
The two-headed ogre hits you with a +0 dire flail.
The vampire mosquito barely misses you. You furiously retaliate!
You headbutt the vampire mosquito! You slash the vampire mosquito!
You headbutt the vampire mosquito.
You destroy the vampire mosquito!
You hit the two-headed ogre but do no damage.
The two-headed ogre looks as sick as possible!
The two-headed ogre hits you with a +0 giant spiked club!
The two-headed ogre hits you but does no damage.
You hit the two-headed ogre.
The two-headed ogre is heavily wounded.
The two-headed ogre hits you with a +0 giant spiked club!
You block the two-headed ogre's attack.
You are too injured to fight recklessly!
You are too injured to fight recklessly!
You are too injured to fight recklessly!
The two-headed ogre attacks as you move away!
The two-headed ogre hits you with a +0 giant spiked club!
* * * LOW HITPOINT WARNING * * *
You block the two-headed ogre's attack.
You see here 21 gold pieces.
Aiming: Throw Flame
Press: ? - help, Q - select action, (/) - cycle Shift-Dir - straight line, f - two-headed ogre
Aim: a two-headed ogre, wielding a +0 giant spiked club and a +0 dire flail (almost dead, very poisoned, 85% to hit)
The puff of flame hits the two-headed ogre!
The two-headed ogre is almost dead.
The two-headed ogre attacks as you move away!
The two-headed ogre hits you with a +0 giant spiked club!!
You die...

##.....###
.........
#........ #.......
###.....# ..
###......####....#
#.?..............#
#@..<.......#
##O..###....##
##...##.....#
##$.#.......
#..........
#.....##.. #...†##
##.....# ####.##


You could see a two-headed ogre (very poisoned).

Vanquished Creatures
  Grinder (D:3)
  A vampire mosquito (D:6)
  A water moccasin (D:5)
  An ogre (D:5)
  2 hounds
  2 jellies
  A sleepcap (D:4)
  Ijyb (D:5)
  4 iguanas
  2 orc wizards
  An adder (D:3)
  A shadow imp (D:5)
  3 worms
  3 dart slugs
  11 orcs
  9 ball pythons
  2 bats
  5 endoplasms
  A giant cockroach (D:1)
  6 goblins
  8 hobgoblins
  4 jackals (D:4)
  3 quokkas
  A frilled lizard (D:2)
  2 kobolds
  5 rats
81 creatures vanquished.

Vanquished Creatures (others)
  A plant (D:2)
1 creature vanquished.

Grand Total: 82 creatures vanquished

Notes
Turn   | Place    | Note
-------+----------+-------------------------------------------
     0 | D:1      | Juicyj the Minotaur Fighter began the quest for the Orb.
     0 | D:1      | Reached XP level 1. HP: 19/19 MP: 0/0
   387 | D:1      | Reached XP level 2. HP: 26/27 MP: 1/1
   823 | D:2      | Reached XP level 3. HP: 33/33 MP: 2/2
  1239 | D:3      | Gained mutation: You are partially covered in large bone
                  | plates. (SH +4) [potion of mutation]
  1239 | D:3      | Gained mutation: Your system is resistant to poisons.
                  | (rPois) [potion of mutation]
  1239 | D:3      | Gained mutation: You are robust. (+10% HP) [potion of
                  | mutation]
  1242 | D:3      | Reached XP level 4. HP: 13/45 MP: 3/3
  1403 | D:3      | Noticed Grinder
  1411 | D:3      | Paralysed by Grinder for 4 turns
  1417 | D:3      | Killed Grinder
  1418 | D:3      | Reached skill level 5 in Fighting
  1418 | D:3      | Reached skill level 5 in Armour
  1418 | D:3      | Reached skill level 5 in Shields
  1418 | D:3      | Reached XP level 5. HP: 29/52 MP: 4/4
  1524 | D:3      | Reached XP level 6. HP: 61/61 MP: 5/5
  1815 | D:3      | Found Ecrau's Magic Scroll Boutique.
  1870 | D:3      | Found a bloodstained altar of Trog.
  2245 | D:4      | Found a runed translucent gate.
  2247 | D:4      | Found a runed translucent gate.
  2247 | D:4      | Noticed 123456's ghost (novice DsVM)
  2248 | D:4      | Found a runed translucent gate.
  2365 | D:4      | Found Jiasaax's Magic Scroll Shop.
  2376 | D:4      | Bought a scroll of brand weapon for 133 gold pieces
  2488 | D:4      | Found a sparkling altar of Nemelex Xobeh.
  2676 | D:5      | Entered Level 5 of the Dungeon
  2681 | D:5      | Reached skill level 1 in Throwing
  2683 | D:5      | Reached XP level 7. HP: 67/68 MP: 6/6
  2797 | D:5      | Reached skill level 5 in Axes
  3357 | D:5      | Noticed Ijyb
  3364 | D:5      | Killed Ijyb
  3409 | D:6      | Noticed a two-headed ogre
  3413 | D:6      | Noticed a vampire mosquito
  3415 | D:6      | Killed a vampire mosquito
  3424 | D:6      | Slain by a two-headed ogre

Illustrated notes

Levels and vault maps discovered:
D:1:      beargit_arrival_greenhouse, layout_basic, kennysheep_flooded_box
D:2:      cheibrodos_old_hovel, layout_rooms
D:3:      layout_loops_ring, mainiacjoe_overflow_tiny_flanked, serial_shops,
          nicolae_shop_tiny_statue_garden, minmay_pentangle, uniq_grinder
D:4:      layout_loops_cross, old_standard_altar, serial_shops, shop,
          gammafunk_ghost_split, corexii_leaking_fountain
D:5:      layout_loops_cross, grunt_ministairs_4, uniq_ijyb
D:6:      minmay_cornered_nines, layout_layer_cave,
          nicolae_gozag_cash_rules_everything_around_me, kennysheep_mini_moat

Skill      XL: |  1  2  3  4  5  6  7 |
---------------+----------------------+-----
Shields        | 4 5 6 |  6.2
Fighting       | 4 5 6 |  6.3
Armour         | 4 5 6 |  6.2
Axes           | 3 4 5 |  5.5
Throwing       | 1 2 |  2.4

Action                     |  1- 3 |  4- 6 |  7- 9 || total
---------------------------+-------+-------+-------++-------
  Melee: War axe           |    62 |    85 |    46 ||   193
         Headbutt          |     7 |    16 |     9 ||    32
  Evoke: Wand              |       |       |     1 ||     1
    Use: Potion            |     2 |     4 |       ||     6
         Scroll            |       |     8 |       ||     8
 Armour: Scale mail        |    22 |    11 |       ||    33
         Plate armour      |       |    12 |    22 ||    34
  Dodge: Dodged            |    27 |    22 |     8 ||    57
  Block: Buckler           |    15 |    39 |    16 ||    70

Table legend: (Time is in decaauts)
 A = Elapsed time spent in this place.
 B = Non-inter-level travel time spent in this place.
 C = Inter-level travel time spent in this place.
 D = Time resting spent in this place.
 E = Time spent auto-exploring this place.
 F = Levels seen in this place.
 G = Mean time per level.
                   A        B        C        D        E       F      G
               +--------+--------+--------+--------+--------+-----+--------+
         Total |   3469 |   3335 |    134 |      0 |   2763 |   6 |  578.2 |
       Dungeon |   3469 |   3335 |    134 |      0 |   2763 |   6 |  578.2 |
               +--------+--------+--------+--------+--------+-----+--------+

Top non-repeatable levels by time:
     D:3: 953 daAuts
     D:5: 743 daAuts
     D:4: 662 daAuts
     D:1: 596 daAuts
     D:2: 494 daAuts
     D:6: 18 daAuts
